 Seeded DCSS version 0.29.1-15-g9cfb28693d (webtiles) character file.

Game seed: 16245865983455551772 (custom seed)

2 Atreus the Chopper (level 1, 9/19 HPs)
             Began as a Palentonga Berserker on Mar 9, 2023.
             Was a Follower of Trog.
             Quit the game on level 1 of the Dungeon.
             The game lasted 00:00:55 (76 turns).

Atreus the Chopper (Palentonga Berserker)             Turns: 76, Time: 00:00:55

Health: 9/19       AC: 18    Str: 29    XL:     1   Next: 33%
Magic:  1/1        EV: 26    Int:  7    God:    Trog [*.....]
Gold:   0          SH:  0    Dex:  9    Spells: 0/0 levels left

rFire   . . .      SeeInvis +   a - +0 hand axe
rCold   . . .      Faith    .   (no shield)
rNeg    + . .      Spirit   .   b - +0 animal skin
rPois   +          Reflect  .   (no helmet)
rElec   +          Harm     .   (no cloak)
rCorr   .          Rampage  .   (no gloves)
Will    .....                   c - +10 Black Knight's barding {ponderous, rPois rN+}
Stlth   +.........              d - amulet of Emuat {Acrobat rElec Regen+ Str+7}
HPRegen 0.06/turn               e - ring of the Iron Devil {+Blink EV+4}
MPRegen 0.07/turn               (no ring)

@: acrobatic, slow
A: large, rugged brown scales 3, see invisible, deformed body, roll 1, armoured
tail
a: Rolling Charge, Renounce Religion, Evoke Blink, Berserk


You were on level 1 of the Dungeon.
You worshipped Trog.
Trog was aware of your devotion.
You visited 1 branch of the dungeon, and saw 1 of its levels.

Inventory:

Hand Weapons
 a - a +0 hand axe (weapon)
Armour
 b - a +0 animal skin (worn)
 c - the +10 Black Knight's barding (worn) {ponderous, rPois rN+}
   (You acquired it on level 1 of the Dungeon)

   rPois:     It protects you from poison.
   rN:        It protects you from negative energy.
Jewellery
 d - the amulet of Emuat (around neck) {Acrobat rElec Regen+ Str+7}
   (You acquired it on level 1 of the Dungeon)

   [amulet of the acrobat]

   It increases your evasion while moving and waiting.
   Str:       It affects your strength (+7).
   rElec:     It insulates you from electricity.
   Regen:     It increases your rate of health regeneration.
 e - the ring of the Iron Devil (left hand) {+Blink EV+4}
   (You acquired it on level 1 of the Dungeon)

   [ring of evasion]

   EV:        It affects your evasion (+4).
   +Blink:    It lets you blink.


   Skills:
 + Level 3.0 Fighting
 + Level 3.0 Axes
 + Level 1.5 Armour
 + Level 1.6 Dodging


You couldn't memorise any spells.
You didn't know any spells.
Your spell library was empty.

Dungeon Overview and Level Annotations

Branches:
Dungeon (1/15)

Altars:


Innate Abilities, Weirdness & Mutations

You are completely covered in rugged brown scales. (AC +3, +7% HP)
You have supernaturally acute eyesight. (SInv)
Armour fits poorly on your strangely shaped body.
You can roll at nearby foes to attack.
You have a long armoured tail.


Message History

You hit the endoplasm but do no damage.
The endoplasm is heavily wounded.
You hit the goblin.
You kill the goblin!
Trog accepts your kill. The endoplasm freezes you.
You are frozen.
You hit the endoplasm.
You kill the endoplasm!
Trog accepts your kill.
Unknown command.
c - 3 scrolls labelled WAC GOIFOFITOUPLEC This is a scroll of acquirement!
Something appears at your feet!
d - the amulet of Emuat {Acrobat rElec Regen+ Str+7} Something appears at your feet!
e - the ring of the Iron Devil {+Blink EV+4} Something appears at your feet!
c - the +10 Black Knight's barding {ponderous, rPois rN+} You aren't carrying any scrolls.
You start putting on your amulet.
You continue putting on the amulet of Emuat {Acrobat rElec Regen+ Str+7}. x5
You finish putting on the amulet of Emuat {Acrobat rElec Regen+ Str+7}.
You feel ready to tumble and roll out of harm's way.
The amulet of Emuat cannot attune itself to your injured body.
You feel stronger.
d - the amulet of Emuat (around neck) {Acrobat rElec Regen+ Str+7}
e - the ring of the Iron Devil (left hand) {+Blink EV+4}
Okay, then.
You start putting on your armour.
You continue putting on the +10 Black Knight's barding {ponderous, rPois rN+}. x4
You finish putting on the +10 Black Knight's barding {ponderous, rPois rN+}.
You feel rather ponderous.
You start resting.
A quokka is nearby!
A quokka is nearby!
Are you sure you want to abandon this character and quit the game? (Confirm with "yes".)
Okay, then.
Unknown command.
Are you sure you want to abandon this character and quit the game? (Confirm with "yes".)

# .# #.#
######..####
#.@.........
........#..#.....
##.##...#..# ...
#...###.## # #...
#..# ...# #..#
##)# .... #..#.r
#..# ....#
#.##...##r##
....# #....
#..#.....#


You could see a quokka (wandering).

Vanquished Creatures
  An endoplasm (D:1)
  A goblin (D:1)
2 creatures vanquished.

Notes
Turn   | Place    | Note
-------+----------+-------------------------------------------
     0 | D:1      | Atreus the Palentonga Berserker began the quest for the
                  | Orb.
     0 | D:1      | Reached XP level 1. HP: 19/19 MP: 1/1
    50 | D:1      | Identified 3 scrolls of acquirement
    50 | D:1      | Acquired the amulet of Emuat {Acrobat rElec Regen+ Str+7}
    52 | D:1      | Acquired the ring of the Iron Devil {+Blink EV+4}
    54 | D:1      | Acquired the +10 Black Knight's barding {ponderous, rPois
                  | rN+}
    54 | D:1      | Found the +10 Black Knight's barding {ponderous, rPois rN+}
    76 | D:1      | Quit the game

Illustrated notes

Levels and vault maps discovered:
D:1:      minmay_arrival_hallway, layout_loops_corners, basic_ecumenical_altar,
          minmay_unequal

Action                   || total
-------------------------++-------
Melee: Hand axe          ||     6
 Abil: Rolling Charge    ||     1
  Use: Scroll            ||     3
Armor: Animal skin       ||     1
Dodge: Dodged            ||     2
